 Dungeon Crawl Stone Soup version 0.30-a0-591-g3c58d2bc28 (webtiles) character file.

Game seed: 9348032520437875162

98 Dirtsage the Changer (level 4, -2/28 HPs)
             Began as an Octopode Transmuter on Jan 4, 2023.
             Slain by an iguana (13 damage)
             ... on level 3 of the Dungeon.
             The game lasted 00:03:16 (1956 turns).

Dirtsage the Changer (Octopode Transmuter)          Turns: 1956, Time: 00:03:16

Health: -2/28      AC:  1    Str:  9    XL:     4   Next: 71%
Magic:  6/7        EV: 13    Int: 17    God:
Gold:   111        SH:  0    Dex: 12    Spells: 4/7 levels left

rFire   . . .      SeeInvis .      - Unarmed
rCold   . . .      Faith    .    (no shield)
rNeg    . . .      Spirit   .    (helmet currently unavailable)
rPois   +          Reflect  .    (no amulet)
rElec   .          Harm     .    P - ring of poison resistance
rCorr   .          Rampage  .    (no ring)
Will    .....                    (no ring)
Stlth   ++                       (no ring)
HPRegen 0.24/turn                (no ring)
MPRegen 0.10/turn                (no ring)
                                 (no ring)
                                 (no ring)

@: appendages
A: tentacle spike 3, almost no armour, amphibious, 8 rings, camouflage 1,
gelatinous body 1, (nimble swimmer 1), tentacles
a: End Transformation


You were on level 3 of the Dungeon.
One of your tentacles had grown a beastly spike.
You visited 1 branch of the dungeon, and saw 3 of its levels.

You collected 111 gold pieces.

Inventory:

Magical Staves
 l - a staff of poison
Jewellery
 P - a ring of poison resistance (left tentacle)
Scrolls
 b - a scroll of amnesia {unknown}
 c - a scroll of fear {unknown}
 d - 3 scrolls of teleportation {unknown}
 e - a scroll of torment {unknown}
 g - a scroll of fog {unknown}
 h - 2 scrolls of identify {unknown}
 k - a scroll of enchant armour {unknown}
 m - a scroll of vulnerability {unknown}
Potions
 a - a potion of lignification
 f - a potion of attraction {unknown}
 i - 2 potions of heal wounds {unknown}
 j - a potion of degeneration {unknown}


   Skills:
 - Level 1.0 Fighting
 - Level 2.0 Dodging
 - Level 3.0 Unarmed Combat
 - Level 2.0 Spellcasting
 * Level 3.6 Transmutations
 * Level 2.8 Ice Magic


You had 4 spell levels left.
You knew the following spells:

 Your Spells              Type           Power      Damage    Failure   Level
a - Beastly Appendage     Tmut           28%        N/A       4%          1
b - Wereblood             Tmut           14%        N/A       7%          2

Your spell library contained the following spells:

 Spells                   Type           Power      Damage    Failure   Level
 Shock                    Conj/Air       4%         1d3       19%         1
 Spider Form              Tmut/Pois      7%         N/A       28%         3
 Ice Form                 Ice/Tmut       12%        N/A       45%         4
 Swiftness                Air            1%         N/A       50%         3
 Airstrike                Air            0%         2d(1-17)  88%         4


Dungeon Overview and Level Annotations

Branches:
Dungeon (3/15)

Altars:


Innate Abilities, Weirdness & Mutations

One of your tentacles has grown a beastly spike.
You cannot wear most types of armour.
You are amphibious.
You can wear up to eight rings at the same time.
Your skin changes colour to match your surroundings (Stealth+).
Your rubbery body absorbs attacks. (AC +1, EV +1)
((You are camouflaged when in or above water. (Stealth+)))
You have tentacles for arms and can constrict up to eight enemies at once.


Message History

Found a stone staircase leading up.
l - a staff of poison Health restored: 28
m - a scroll labelled FIB BAIMUW A giant cockroach comes into view.
A giant cockroach is nearby!
An orc and an iguana come into view.
The orc shouts!
The iguana hisses angrily.
You tentacle-slap the giant cockroach. You grab the giant cockroach.
The giant cockroach is moderately wounded.
You constrict the giant cockroach, but do no damage.
The giant cockroach barely misses you.
You tentacle-slap the giant cockroach but do no damage.
You squeeze the giant cockroach.
You kill the giant cockroach!
Casting: Beastly Appendage (safe; 4% risk of failure)
Press: ? - help, Q - select action, (/) - cycle Dir - look around, f - activate One of your tentacles grows a vicious spike.
You now have 6/7 mp.
You tentacle-slap the iguana. You grab the iguana.
You pierce the iguana, but do no damage.
The iguana is lightly wounded.
You constrict the iguana. The iguana bites you.
You take 2 damage, and have 26/28 hp.
You tentacle-slap the iguana.
You pierce the iguana, but do no damage.
You squeeze the iguana.
The iguana is severely wounded.
You constrict the iguana, but do no damage.
The iguana bites you!
Ouch! That really hurt!
The orc closely misses you.
You take 15 damage, and have 11/28 hp.
MASSIVE DAMAGE!!
You tentacle-slap the orc but do no damage.
You grab the orc. You squeeze the orc!
You kill the orc!
You constrict the iguana, but do no damage.
A worm comes into view.
The iguana bites you!
You die...

####.......###......## ##.
##....####### ###....#### .
#..###### ###.##....# .
.......... ...........# ##
...##############.##....##...
....... ...................<.
####### ##...!..............
##............######.
#.....l@.......#
......)........#
#..............#
...............#
#................
##............###
##..[.......## .w.!..######


You could see a worm (wandering) and an iguana.

Vanquished Creatures
  An orc priest (D:3)
  An adder (D:3)
  3 worms
  A dart slug (D:1)
  3 orcs
  4 endoplasms
  4 giant cockroaches
  3 hobgoblins
  3 kobolds
  2 quokkas
  2 ball pythons (D:1)
  6 bats
  3 frilled lizards
  5 goblins
  6 rats
47 creatures vanquished.

Notes
Turn   | Place    | Note
-------+----------+-------------------------------------------
     0 | D:1      | Dirtsage the Octopode Transmuter began the quest for the
                  | Orb.
     0 | D:1      | Reached XP level 1. HP: 13/13 MP: 3/3
   125 | D:1      | Reached skill level 1 in Ice Magic
   125 | D:1      | Reached XP level 2. HP: 18/18 MP: 5/5
   128 | D:1      | Learned a level 2 spell: Wereblood
   359 | D:1      | You fall into a shaft and drop 1 floor!
   425 | D:2      | Reached XP level 3. HP: 23/23 MP: 6/6
  1605 | D:3      | Reached XP level 4. HP: 28/28 MP: 5/7
  1956 | D:3      | Slain by an iguana

Illustrated notes

Levels and vault maps discovered:
D:1:      dpeg_arrival_prison, layout_rooms, nicolae_wormholes
D:2:      layout_basic
D:3:      layout_rooms

Skill      XL: |  1  2  3 |
---------------+----------+-----
Ice Magic      | 1 2 |  2.8
Transmutations | 3 |  3.6
Fighting       | |  1.0
Dodging        | |  2.0
Unarmed Combat | |  3.0
Spellcasting   | |  2.0

Action                   |  1- 3 |  4- 6 || total
-------------------------+-------+-------++-------
Melee: Unarmed           |    83 |    28 ||   111
       Constrict         |    17 |     9 ||    26
       Tentacles         |    14 |     7 ||    21
       Kick              |     4 |     9 ||    13
       Punch             |     1 |     1 ||     2
 Cast: Beastly Appendage |     4 |     3 ||     7
 Stab: Sleeping          |     6 |     2 ||     8
Armor: Skin              |     4 |     4 ||     8
Dodge: Dodged            |    36 |    17 ||    53

Table legend: (Time is in decaauts)
 A = Elapsed time spent in this place.
 B = Non-inter-level travel time spent in this place.
 C = Inter-level travel time spent in this place.
 D = Time resting spent in this place.
 E = Time spent auto-exploring this place.
 F = Levels seen in this place.
 G = Mean time per level.
                   A        B        C        D        E       F      G
               +--------+--------+--------+--------+--------+-----+--------+
         Total |   1950 |   1753 |    197 |     91 |   1332 |   3 |  650.0 |
       Dungeon |   1950 |   1753 |    197 |     91 |   1332 |   3 |  650.0 |
               +--------+--------+--------+--------+--------+-----+--------+

Top non-repeatable levels by time:
     D:2: 1145 daAuts
     D:1: 593 daAuts
     D:3: 211 daAuts
